AoeStats
← Lliret

Arabian Desert

509680199Analyzed
1v1 RM · 22d ago on Sep 27, 2026· 24m 8s· 2 players
Game mode
Random Map
Map size
Tiny (2 player)
Population
200
Speed
Normal
Resources
Standard
Victory
Conquest
Starting age
Dark Age
Ending age
Imperial Age
RankedLock teamsTeams togetherTeam positionsShared explorationLock speedFull tech treeHidden civsTurbo modeCheats
Victory
Defeat
🇪🇸 Mongols · Spain
1064
+16
vs
🇩🇪 Muisca · Germany
1060
-16
Shark
7:33 Loom
9:59 Feudal Age
11:12 Double-Bit Axe
17:51 Fletching
19:06 Padded Archer Armor
19:39 Horse Collar
23:25 Castle Age
21:24 Champi Runner
22:41 Scale Mail Armor
24:07 Bodkin Arrow
23:40 Crossbowman
23:45 Champi Warrior
24:43 Chain Mail Armor
Lliret
3:42 Loom
9:15 Feudal Age
14:53 Forging
15:10 Double-Bit Axe
16:07 Horse Collar
16:35 Fletching
18:22 Padded Archer Armor
22:31 Castle Age
23:02 Crossbowman
Connection lost

Rejoining the realm…

Still unreachable

The connection could not be restored.

Session expired

The server has moved on; the page needs a fresh start.